 Dungeon Crawl Stone Soup version 0.26-a0-812-g31a745ddcd (webtiles) character file.

Game seed: 589220885851927936

565 tsouns the Sneak (level 7, -2/41 HPs)
             Began as an Octopode Venom Mage on Dec 8, 2020.
             Killed from afar by a white imp (9 damage)
             ... with a puff of frost
             ... on level 5 of the Dungeon.
             The game lasted 00:09:10 (4433 turns).

tsouns the Sneak (Octopode Venom Mage)              Turns: 4433, Time: 00:09:11

Health: -2/41      AC:  1    Str: 13    XL:     7   Next: 32%
Magic:  1/12       EV: 13    Int: 19    God:
Gold:   352        SH:  0    Dex: 13    Spells: 3/13 levels left

rFire    . . .     SeeInvis .   p - +4 spear (venom)
rCold    . . .     Faith    .   (no shield)
rNeg     . . .     Spirit   .   (helmet restricted)
rPois    .         Reflect  .   (no amulet)
rElec    .         Harm     .   k - ring of wizardry
rCorr    .         Rampage  .   l - +6 ring of strength
MR       .....                  (no ring)
Stlth    ++++......             (no ring)
HPRegen  0.13/turn              (no ring)
MPRegen  0.13/turn              (no ring)
                                (no ring)
                                (no ring)

@: no status effects
A: almost no armour, stealthy swim, amphibious, 8 rings, constrict 8, camouflage
1, gelatinous body 1
a: no special abilities


You were on level 5 of the Dungeon.
You visited 1 branch of the dungeon, and saw 5 of its levels.

You collected 352 gold pieces.

Inventory:

Hand Weapons
 e - a +0 short sword
 p - a +4 spear of venom (weapon)
 t - a +2 dagger of draining
Jewellery
 f - a cursed ring of attention {unknown}
 k - a ring of wizardry (left tentacle)
 l - a +6 ring of strength (right tentacle)
Scrolls
 a - a scroll of amnesia
 d - 3 scrolls of teleportation
 g - a scroll of magic mapping {unknown}
 h - a scroll of fear
 i - a scroll of remove curse
 j - a scroll of noise
 q - a scroll of blinking
Potions
 b - 2 potions of curing
 c - 2 potions of lignification
 m - 3 potions of heal wounds
 n - a potion of might
 o - a potion of magic {unknown}
 s - a potion of attraction {unknown}


   Skills:
 - Level 2.0 Dodging
 + Level 6.0 Stealth
 + Level 3.8 Spellcasting
 + Level 3.8 Transmutations
 + Level 5.8 Poison Magic


You had 3 spell levels left.
You knew the following spells:

 Your Spells              Type           Power        Failure   Level
a - Sting                 Tmut/Pois      ###.         1%          1
b - Poisonous Vapours     Pois/Air       ##....       2%          2
c - Mephitic Cloud        Conj/Pois/Air  ##......     8%          3
d - Olgreb's Toxic Radia  Pois           ####....     5%          4

Your spell library contained the following spells:

 Spells                   Type           Power        Failure   Level
 Ignite Poison            Fire/Tmut/Pois ###.....     4%          3


Dungeon Overview and Level Annotations

Branches:
Dungeon (5/15)
 Temple: D:4-7

Altars:
Fedhas
Okawaru
Ru
Wu Jian
The Shining One

Annotations:
D:3 1 runed translucent door, Flubbersnuff's ghost, amateur MiBe
D:5 Dowan; Duvessa


Innate Abilities, Weirdness & Mutations

You cannot wear most types of armour.
You are very stealthy in the water. (Stealth+)
You are amphibious.
You can wear up to eight rings at the same time.
You can use your tentacles to constrict eight enemies at once.
Your skin changes colour to match your surroundings (Stealth+).
Your rubbery body absorbs attacks. (AC +1, EV +1)


Message History

You squeeze the sky beast, but do no damage.
The sky beast is moderately wounded.
The sky beast closely misses you. The white imp gestures at you.
The puff of frost hits you.
A shadow imp comes into view.
The sky beast flickers out of sight!
Deactivating autopickup; reactivate with Ctrl-A.
Something barely misses you.
You kill the adder!
The white imp laughs crazily.
A sky beast appears from thin air!
Reactivating autopickup.
The white imp grinds its teeth.
The white imp gestures at you. The puff of frost hits you!
* * * LOW HITPOINT WARNING * * *
The white imp gestures at you. The puff of frost hits you!
You die...

5# ## .. .. .. .#
#.###.# #.#...#
#)#.#.#
.#####!#...#
.......(#.#######
######...Y5..@..#
#..#.#####<#
.....#.# #.#
###...#.# #.#
#...... #.#
#.#.#.. #.#
........ #.#
......... #.#
..... ..#


You could see a sky beast (poisoned) and a white imp.

Vanquished Creatures
  Menkaure (D:4)
  An ogre (D:4)
  A centaur (D:5)
  2 big kobolds (D:3)
  Jessica (D:2)
  4 adders
  An adder skeleton (D:4)
  A worm (D:2)
  2 dart slugs
  3 leopard geckos
  An orc (D:4)
  9 giant cockroaches
  4 hobgoblins
  2 jackals (D:1)
  3 quokkas
  6 bats
  8 frilled lizards
  9 goblins
  10 kobolds
  9 rats
78 creatures vanquished.

Notes
Turn   | Place    | Note
-------+----------+-------------------------------------------
     0 | D:1      | tsouns the Octopode Venom Mage began the quest for the Orb.
     0 | D:1      | Reached XP level 1. HP: 11/11 MP: 3/3
   166 | D:1      | Reached skill level 3 in Stealth
   166 | D:1      | Reached XP level 2. HP: 13/17 MP: 0/5
   170 | D:1      | Learned a level 2 spell: Poisonous Vapours
   555 | D:1      | Reached XP level 3. HP: 21/21 MP: 4/6
  1053 | D:2      | Learned a level 3 spell: Mephitic Cloud
  1733 | D:2      | Noticed Jessica
  1738 | D:2      | Killed Jessica
  1738 | D:2      | Reached XP level 4. HP: 27/27 MP: 3/7
  1985 | D:2      | Reached skill level 4 in Stealth
  2504 | D:3      | Found an ornate altar of the Wu Jian Council.
  2504 | D:3      | Found a sacrificial altar of Ru.
  2509 | D:3      | Found a glowing golden altar of the Shining One.
  2530 | D:3      | Found an iron altar of Okawaru.
  2532 | D:3      | Found a blossoming altar of Fedhas.
  2693 | D:3      | Found a runed translucent door.
  2693 | D:3      | Noticed Flubbersnuff's ghost (amateur MiBe)
  2883 | D:3      | Noticed a big kobold
  2962 | D:3      | Noticed a big kobold
  2973 | D:3      | Killed a big kobold
  2973 | D:3      | Reached XP level 5. HP: 27/31 MP: 4/9
  3113 | D:3      | Killed a big kobold
  3113 | D:3      | Reached skill level 5 in Stealth
  3113 | D:3      | Reached skill level 5 in Poison Magic
  3113 | D:3      | Reached XP level 6. HP: 29/36 MP: 2/10
  3370 | D:4      | Learned a level 4 spell: Olgreb's Toxic Radiance
  3621 | D:4      | Noticed a phantom
  3627 | D:4      | Noticed Menkaure
  3869 | D:4      | Killed Menkaure
  4092 | D:4      | Reached XP level 7. HP: 41/41 MP: 3/12
  4361 | D:5      | Entered Level 5 of the Dungeon
  4361 | D:5      | Noticed Duvessa
  4361 | D:5      | Noticed Dowan
  4424 | D:5      | Reached skill level 6 in Stealth
  4433 | D:5      | Killed from afar by a white imp

Illustrated notes

Levels and vault maps discovered:
D:1:      minmay_arrival_four_loops, layout_loops_ring
D:2:      cheibrodos_greedy_goblins, layout_loops_corners, uniq_jessica
D:3:      cheibrodos_thug_alley, layout_basic,
          chequers_temple_overflow_minitemple, hellmonk_ghost_happy_afterlife,
          fountainhead
D:4:      layout_basic, uniq_menkaure
D:5:      layout_loops_ring, old_standard_altar, chequers_serial_rivers_room_b,
          uniq_duvessa

Skill      XL: |  1  2  3  4  5  6  7 |
---------------+----------------------+-----
Stealth        | 3 4 5 6 |  6.0
Poison Magic   | 4 5 |  5.8
Transmutations | 2 3 |  3.8
Spellcasting   | 3 |  3.8
Dodging        | |  2.0

Action                   |  1- 3 |  4- 6 |  7- 9 || total
-------------------------+-------+-------+-------++-------
Melee: Unarmed           |     5 |       |       ||     5
       Constrict         |    12 |     4 |       ||    16
       Tentacles         |     2 |     4 |     1 ||     7
       Short sword       |    32 |       |       ||    32
       Spear             |       |    32 |     5 ||    37
 Cast: Sting             |    29 |     9 |     1 ||    39
       Poisonous Vapours |     8 |    35 |     5 ||    48
       Mephitic Cloud    |       |     1 |     1 ||     2
  Use: Scroll            |       |    12 |       ||    12
       Potion            |       |     1 |       ||     1
 Stab: Sleeping          |     4 |     3 |       ||     7
       Confused          |       |     1 |     1 ||     2
Armor: Skin              |     4 |     2 |       ||     6
Dodge: Dodged            |    22 |    11 |     2 ||    35

Table legend: (Time is in decaauts)
 A = Elapsed time spent in this place.
 B = Non-inter-level travel time spent in this place.
 C = Inter-level travel time spent in this place.
 D = Time resting spent in this place.
 E = Time spent auto-exploring this place.
 F = Levels seen in this place.
 G = Mean time per level.
                   A        B        C        D        E       F      G
               +--------+--------+--------+--------+--------+-----+--------+
         Total |   4438 |   4279 |    159 |    216 |   3386 |   5 |  887.6 |
       Dungeon |   4438 |   4279 |    159 |    216 |   3386 |   5 |  887.6 |
               +--------+--------+--------+--------+--------+-----+--------+

Top non-repeatable levels by time:
     D:2: 1250 daAuts
     D:3: 1059 daAuts
     D:4: 1051 daAuts
     D:1: 1048 daAuts
     D:5: 28 daAuts
